 Dungeon Crawl Stone Soup version 0.19-a0-687-g35db334 (webtiles) character file.

12273 Geppetto the Basher (level 11, -2/81 HPs)
             Began as a Minotaur Hunter on June 18, 2016.
             Was an Elder of Okawaru.
             Slain by a sun demon (18 damage)
             ... on level 2 of the Orcish Mines.
             The game lasted 00:48:36 (11982 turns).

Geppetto the Basher (Minotaur Hunter)              Turns: 11982, Time: 00:48:38

Health: -2/81      AC: 21    Str: 17      XL:     11   Next: 60%
Magic:  14/14      EV:  5    Int:  7 (8)  God:    Okawaru [****..]
Gold:   738        SH:  0    Dex: 11 (12) Spells: 0 memorised, 10 levels left

rFire  . . .     SeeInvis .     b - +0 dire flail (protect)
rCold  . . .     Gourm    .     j - +1 plate armour
rNeg   . . .     Faith    .     (shield currently unavailable)
rPois  +         Spirit   .     (helmet unavailable)
rElec  .         Dismiss  .     S - +2 cloak
rCorr  .         Reflect  .     H - +0 pair of gloves
SustAt .         Harm     .     (no boots)
MR     +....                    (no amulet)
Stlth  ..........               N - ring of protection from magic
                                e - ring of poison resistance

@: somewhat resistant to hostile enchantments, extremely unstealthy
A: retaliatory headbutt, horns 3, blurry vision 1, clumsy 1, deterioration 1,
frail 2
a: Heroism, Renounce Religion


You were on level 2 of the Orcish Mines.
You worshipped Okawaru.
Okawaru was greatly pleased with you.
You were not hungry.

You visited 2 branches of the dungeon, and saw 13 of its levels.
You also visited: Sewer.

You collected 738 gold pieces.

Inventory:

Hand Weapons
 a - a +1 hand crossbow
 b - a +0 dire flail of protection (weapon)
Missiles
 d - 23 bolts
Armour
 j - a +1 plate armour (worn)
 n - a +2 troll leather armour {Purgy}
 H - a +0 pair of gloves (worn)
 S - a +2 cloak (worn)
Jewellery
 e - a ring of poison resistance (left hand)
 p - an uncursed ring of stealth
 N - a ring of protection from magic (right hand)
Wands
 l - a wand of iceblast (8/15)
 o - a wand of teleportation (4/9)
 y - a wand of teleportation (4/9)
 A - a wand of acid (7/15)
 E - a wand of enslavement (11/24)
 L - a wand of flame (20/48)
 P - a wand of slowing (10/48)
Scrolls
 i - a scroll of noise
 D - 3 scrolls of teleportation
 K - 2 scrolls of magic mapping
 O - a scroll of amnesia
Potions
 g - a potion of haste
 q - 2 potions of agility
 r - a potion of berserk rage
 s - a potion of ambrosia
 v - 2 potions of flight
 w - 2 potions of curing
 x - a potion of resistance
 z - a potion of magic {unknown}
 B - 3 potions of lignification
 I - a potion of heal wounds {unknown}
Books
 m - a book of Envenomations

   Spells                             Type                      Level
   a - Spider Form                    Transmutation/Poison         3
   b - Olgreb's Toxic Radiance        Poison                       4
   c - Alistair's Intoxication        Transmutation/Poison         5
   d - Poisonous Cloud                Conjuration/Poison/Air       6
 G - a book of Debilitation

   Spells                             Type                      Level
   a - Corona                         Hexes                        1
   b - Slow                           Hexes                        2
   c - Gell's Gravitas                Hexes/Translocation          3
   d - Inner Flame                    Hexes/Fire                   3
   e - Cause Fear                     Hexes                        4
   f - Leda's Liquefaction            Hexes/Earth                  4
Comestibles
 c - 3 chunks of flesh
 f - 9 bread rations
 h - 2 royal jellies
 k - 6 meat rations
 t - 4 fruits
 F - 2 slices of pizza
 R - 4 beef jerkies


   Skills:
 + Level 11.1 Fighting
 * Level 12.6 Maces & Flails
 - Level 10.3 Crossbows
 - Level 3.1 Armour
 - Level 2.1 Dodging
 - Level 6.5 Stealth
 + Level 5.8 Invocations


You had 10 spell levels left.
You didn't know any spells.

Dungeon Overview and Level Annotations

Branches:
Dungeon (11/15)            Temple (0/1) D:6            Lair (0/6) D:11
    Orc (2/2) D:11
    Elf: Orc:2

Altars:
Ashenzari
Dithmenos
Elyvilon
Fedhas
Gozag
Kikubaaqudgha
Makhleb
Nemelex Xobeh
Okawaru
Pakellas
Sif Muna
Xom
Yredelemnul
Zin
The Shining One

Shops:
D:5 %   D:7 (   D:8 [   Orc:2 %!

Annotations:
D:6 Shenda's ghost, novice FoFi


Innate Abilities, Weirdness & Mutations

You reflexively headbutt those who attack you in melee.
You have a pair of large horns on your head.
Scrolls take you a little longer to read.
You are clumsy. (Dex -2)
Your body sometimes deteriorates upon taking damage.
You are very frail. (-20% HP)


Message History

The sun demon is severely wounded.
You hit the sun demon.
You headbutt the sun demon, but do no damage.
The sun demon is severely wounded.
The sun demon barely misses you.
You hit the sun demon.
The sun demon is almost dead.
The sun demon hits you but does no damage.
You closely miss the sun demon.
The sun demon is almost dead.
You barely miss the sun demon.
The sun demon is almost dead.
The sun demon barely misses you.
You closely miss the sun demon.
The sun demon is almost dead.
You feel like a meek peon again. The sun demon hits you!
* * * LOW HITPOINT WARNING * * *
You are engulfed in flames!!
You die...

####. ###.) ###
###.... ##.##
#......
##(..#####.....#
##.)(..#........#
##([##....[......#
##))###..#........#
##3@###...###.......
##(.## ##.##
##...... #)(## ###
##..... .((.(.)(##
##.... .#.#..(##
###.. ...((# ####..
#.#.(# #.#... ....#
#.#... ∩.∩# ##.....


You could see a sun demon.

Vanquished Creatures
  A stone giant (D:11)
  An orc knight (Orc:1)
  A smoke demon (Orc:2)
  The ghost of Shenda the Poker, a novice FoCK of Xom (D:7)
  2 gargoyles
  Grinder (D:5)
  Sigmund (D:6)
  A spriggan (D:7)
  A wyvern (D:11)
  A vampire (D:9)
  3 hippogriffs
  2 steam dragons
  Edmund (D:4)
  A water moccasin (D:7)
  Duvessa (D:6)
  Purgy (Sewer)
  2 phantoms
  7 orc warriors
  4 black bears
  2 ice beasts
  4 sky beasts
  6 ogres
  2 centaurs
  7 big kobolds
  8 giant frogs
  A wyvern zombie (D:9)
  Dowan (D:6)
  4 scorpions
  4 howler monkeys
  8 crimson imps
  3 quasits
  3 centaur zombies
  4 centaur skeletons
  A jelly (D:10)
  15 orc priests
  7 hounds
  A giant frog skeleton (D:9)
  Ijyb (D:3)
  6 iguanas
  14 orc wizards
  9 worker ants
  A howler monkey zombie (D:5)
  A howler monkey skeleton (D:8)
  2 river rats (D:11)
  11 adders
  2 shadow imps
  An ooze (D:1)
  An adder skeleton (D:4)
  A worm (D:3)
  2 dart slugs (D:4)
  6 giant geckos
  47 orcs
  12 bats
  6 giant cockroaches
  5 goblins
  5 hobgoblins
  4 jackals
  3 quokkas
  2 ball pythons (D:4)
  A giant gecko skeleton (D:5)
  A jackal zombie (D:5)
  15 kobolds
  A quokka skeleton (D:7)
  A quokka zombie (D:5)
  7 rats
  A fungus (D:11)
  A plant (D:11)
284 creatures vanquished.

Vanquished Creatures (others)
  An ice dragon (D:5)
  An orc warrior (Orc:2)
  8 fungi (D:6)
10 creatures vanquished.

Grand Total: 294 creatures vanquished

Notes
Turn   | Place    | Note
--------------------------------------------------------------
     0 | D:1      | Geppetto the Minotaur Hunter began the quest for the Orb.
     0 | D:1      | Reached XP level 1. HP: 18/18 MP: 0/0
    56 | D:1      | Reached skill level 1 in Stealth
   289 | D:1      | Reached XP level 2. HP: 25/26 MP: 1/1
   967 | D:2      | Found a sparkling altar of Nemelex Xobeh.
  1232 | D:2      | Reached XP level 3. HP: 33/33 MP: 2/2
  1447 | D:2      | Found a shattered altar of Ashenzari.
  1721 | D:3      | Reached skill level 10 in Crossbows
  1721 | D:3      | Reached skill level 5 in Stealth
  1721 | D:3      | Reached XP level 4. HP: 41/41 MP: 3/3
  1769 | D:3      | Reached XP level 5. HP: 40/47 MP: 4/4
  2311 | D:3      | Noticed Ijyb
  2319 | D:3      | Killed Ijyb
  2556 | D:4      | Reached skill level 1 in Armour
  2560 | D:4      | Reached skill level 5 in Fighting
  2560 | D:4      | Reached XP level 6. HP: 37/56 MP: 5/5
  3037 | D:4      | Found a glowing drain.
  3042 | Sewer    | Entered a sewer
  3072 | Sewer    | Noticed Purgy
  3080 | Sewer    | Killed Purgy
  3080 | Sewer    | Reached XP level 7. HP: 62/62 MP: 6/6
  3136 | Sewer    | Gained mutation: You have a pair of large horns on your head. [potion of mutation]
  3136 | Sewer    | Gained mutation: Your body sometimes deteriorates upon taking damage. [potion of mutation]
  3136 | Sewer    | Gained mutation: Scrolls take you a little longer to read. [potion of mutation]
  3476 | D:4      | Found an ancient bone altar of Kikubaaqudgha.
  3476 | D:4      | Found a shimmering altar of Xom.
  3695 | D:4      | Found an oddly glowing altar of Pakellas.
  3803 | D:4      | Found a glowing golden altar of the Shining One.
  3883 | D:4      | Noticed Edmund
  3889 | D:4      | Killed Edmund
  3927 | D:5      | Entered Level 5 of the Dungeon
  3954 | D:5      | Reached skill level 1 in Maces & Flails
  3954 | D:5      | Reached XP level 8. HP: 71/71 MP: 7/7
  4051 | D:5      | Noticed Grinder
  4052 | D:5      | Paralysed by Grinder for 4 turns
  4068 | D:5      | Killed Grinder
  4068 | D:5      | Reached skill level 2 in Maces & Flails
  4115 | D:5      | Found an oddly glowing altar of Pakellas.
  4115 | D:5      | Noticed an ice dragon
  4135 | D:5      | Killed an ice dragon
  4411 | D:5      | Found Laehione's Food Boutique.
  4571 | D:5      | Reached skill level 3 in Maces & Flails
  4852 | D:5      | Reached skill level 4 in Maces & Flails
  5145 | D:6      | Noticed Shenda's ghost (novice FoFi)
  5479 | D:6      | Found an iron altar of Okawaru.
  5494 | D:6      | Reached skill level 5 in Maces & Flails
  5497 | D:6      | Became a worshipper of Warmaster Okawaru
  5593 | D:6      | Reached XP level 9. HP: 81/81 MP: 8/8
  5596 | D:6      | Noticed Sigmund
  5609 | D:6      | Killed Sigmund
  5609 | D:6      | Reached skill level 6 in Maces & Flails
  5632 | D:6      | Noticed Duvessa
  5638 | D:6      | Killed Duvessa
  5639 | D:6      | Noticed Dowan
  5645 | D:6      | Killed Dowan
  5678 | D:6      | Reached * piety under Okawaru
  5805 | D:6      | Found a staircase to the Ecumenical Temple.
  6103 | D:7      | Noticed Shenda's ghost (novice FoCK)
  6135 | D:7      | Reached skill level 7 in Maces & Flails
  6449 | D:7      | Found Qeoshr Xyge's Weapon Emporium.
  6535 | D:7      | Reached skill level 8 in Maces & Flails
  7047 | D:7      | Reached ** piety under Okawaru
  7052 | D:7      | Gained mutation: You are clumsy. (Dex -2) [mutagenic meat]
  7169 | D:7      | Killed Shenda's ghost
  7169 | D:7      | Reached skill level 1 in Invocations
  7169 | D:7      | Reached XP level 10. HP: 91/91 MP: 7/9
  7328 | D:8      | Reached skill level 9 in Maces & Flails
  7433 | D:8      | Found Leqew's Armour Emporium.
  7626 | D:8      | Found a shadowy altar of Dithmenos.
  7960 | D:8      | Found a blossoming altar of Fedhas.
  8425 | D:9      | Found a burning altar of Makhleb.
  8495 | D:9      | Found a basalt altar of Yredelemnul.
  8557 | D:9      | Reached skill level 10 in Maces & Flails
  8593 | D:9      | Found a white marble altar of Elyvilon.
  8677 | D:9      | Found an opulent altar of Gozag.
  8730 | D:9      | Reached *** piety under Okawaru
  8944 | D:9      | Found a deep blue altar of Sif Muna.
  9010 | D:9      | Found a glowing silver altar of Zin.
  9010 | D:9      | Noticed an angel
  9011 | D:9      | Noticed a balrug
  9018 | D:9      | Noticed a gargoyle
  9036 | D:9      | Killed a gargoyle
  9182 | D:10     | Entered Level 10 of the Dungeon
  9190 | D:10     | Reached skill level 10 in Fighting
  9323 | D:10     | Identified a scroll of acquirement
  9548 | D:10     | Reached **** piety under Okawaru
  9609 | D:10     | Received a gift from Okawaru
  9609 | D:10     | Reached skill level 11 in Maces & Flails
  9609 | D:10     | Reached XP level 11. HP: 97/100 MP: 13/13
  9649 | D:10     | Found a shadowy altar of Dithmenos.
  9894 | D:10     | Gained mutation: You are frail. (-10% HP) [mutagenic meat]
  9896 | D:10     | Gained mutation: You are very frail. (-20% HP) [mutagenic meat]
 10094 | D:11     | Found a staircase to the Lair.
 10130 | D:11     | Found a staircase to the Orcish Mines.
 10675 | Orc:1    | Entered Level 1 of the Orcish Mines
 10675 | Orc:1    | Noticed a stone giant
 10686 | D:11     | Killed a stone giant
 10686 | D:11     | Reached skill level 12 in Maces & Flails
 10686 | D:11     | Reached skill level 5 in Invocations
 10816 | Orc:2    | Entered Level 2 of the Orcish Mines
 10901 | Orc:2    | Received a gift from Okawaru
 11467 | Orc:2    | Noticed an orc knight
 11741 | Orc:1    | Killed an orc knight
 11883 | Orc:2    | Found Fima's Distillery.
 11884 | Orc:2    | Found Joelyij's Food Emporium.
 11886 | Orc:2    | Noticed a sun demon
 11914 | Orc:2    | Received a gift from Okawaru
 11982 | Orc:2    | Slain by a sun demon

Vault maps used:
D:1:      dpeg_arrival_tiny_i, serial_bayou_pond_b
D:2:      lemuel_round_altar, nicolae_overflow_hidden_temple, first_bread,
          serial_corexii_hall, corexii_hall_statues_x, corexii_hall_statues_t
D:3:      uniq_iyjb
D:4:      kennysheep_spiral_hall, lemuel_round_altar,
          nicolae_tso_swordbearing_angel, amethyst_overflow_temple_binary,
          lightli_sewer_entry_pipes, minmay_misc_feat_cross, hex_medium,
          uniq_edmund
D:5:      serial_shops, shop, hex_intersection,
          gammafunk_pakellas_cloud_experiment, uniq_grinder
D:6:      kennysheep_steamy, overflow_temple_1_default,
          minmay_temple_entry_glass, uniq_duvessa, uniq_sigmund
D:7:      serial_shops, shop, the_bakery
D:8:      lemuel_crystal_altar, kennysheep_mini, serial_shops, shop,
          special_room
D:9:      kennysheep_ying_yang, grunt_temple_overflow_order_and_chaos_2,
          grunt_gozag_statues, led_sif_pool
D:10:     grunt_dithmenos_shadows
D:11:     due_lair_maze_entry_diamond
Orc:1:    orc_temple, uniq_urug
Orc:2:    pf_orc_diabolical, serial_shops, nicolae_shop_crystal, shop
Sewer:    sewer_big_baddie

Skill      XL: |  1  2  3  4  5  6  7  8  9 10 11 |
---------------+----------------------------------+-----
Fighting       | 3 4 5 6 7 9 10 11 | 11.1
Stealth        | 1 5 6 |  6.5
Crossbows      | 10 | 10.3
Armour         | 1 2 3 |  3.1
Maces & Flails | 1 5 8 11 12 | 12.6
Invocations    | 1 4 5 |  5.8
Dodging        | |  2.1

Action                   |  1- 3 |  4- 6 |  7- 9 | 10-12 || total
-------------------------+-------+-------+-------+-------++-------
Melee: Short sword       |    55 |    38 |    14 |       ||   107
       Headbutt          |     7 |     3 |    18 |    61 ||    89
       Dire flail        |       |       |   134 |   305 ||   439
 Fire: Hand crossbow     |    14 |    54 |   214 |   277 ||   559
Invok: Heroism           |       |       |     1 |    10 ||    11
  Use: Scroll            |     5 |     3 |    12 |    10 ||    30
       Potion            |     1 |       |     4 |     5 ||    10
 Stab: Sleeping          |       |     4 |     7 |     4 ||    15
  Eat: Chunk             |     2 |     5 |    14 |    19 ||    40
Armor: Leather armour    |    11 |       |       |       ||    11
       Scale mail        |       |    29 |     1 |       ||    30
       Troll leather arm |       |       |    69 |   152 ||   221
       Plate armour      |       |       |       |    34 ||    34
Dodge: Dodged            |    48 |    39 |   128 |   194 ||   409
